 Dungeon Crawl Stone Soup version 0.26.1-11-gd32895ea62 (webtiles) character file.

Game seed: 13811985350715416010

20093 MisterFreud the Spry (level 12, -8/58 HPs)
             Began as a Felid Berserker on June 7, 2021.
             Was the Champion of Trog.
             Mangled by a skeletal warrior
             ... wielding a +0 dire flail
             ... led by a skeletal warrior
              (31 damage)
             ... on level 14 of the Dungeon.
             The game lasted 00:29:43 (23581 turns).

MisterFreud the Spry (Felid Berserker)             Turns: 23581, Time: 00:29:44

Health: -8/58      AC:  3    Str: 13    XL:     12   Next: 42%
Magic:  13/13      EV: 38    Int:  8    God:    Trog [******]
Gold:   636        SH:  0    Dex: 21    Spells: 11/11 levels left
                                        Lives:  0   Deaths: 2

rFire    . . .     SeeInvis +     - Unarmed
rCold    + . .     Faith    .   (shield unavailable)
rNeg     . . .     Spirit   .   (armour unavailable)
rPois    .         Reflect  .   (helmet unavailable)
rElec    .         Harm     .   (cloak unavailable)
rCorr    .         Rampage  .   (gloves unavailable)
Will     ++...                  (boots unavailable)
Stlth    +++++.....             x - amulet of magic regeneration
HPRegen  0.19/turn              s - ring of willpower
MPRegen  0.38/turn              w - +4 ring of evasion

@: berserk cooldown, slowed, slow
A: very small, no armour, no weapons or thrown items, stealth, claws 1, fangs 3,
see invisible, speed 1, shaggy fur 3, sharp paws
a: Renounce Religion, Berserk, Trog's Hand, Brothers in Arms


You were on level 14 of the Dungeon.
You worshipped Trog.
Trog was exalted by your worship.
You visited 2 branches of the dungeon, and saw 20 of its levels.
You also visited: Bailey and Volcano.

You collected 1322 gold pieces.
You spent 686 gold pieces at shops.

Inventory:

Jewellery
 q - an uncursed ring of flight
 s - a ring of willpower (left paw)
 t - an uncursed ring of stealth
 v - an uncursed ring of willpower
 w - a +4 ring of evasion (right paw)
 x - an amulet of magic regeneration (around neck)
 I - the ring of Cheibriados's Fury {rC+ rN+ Dex+4}
   (You acquired it on level 12 of the Dungeon)

   [ring of positive energy]

   It affects your dexterity (+4).
   It protects you from cold.
   It protects you from negative energy.
Wands
 l - a wand of paralysis (8)
 u - a wand of random effects (57)
 y - a wand of flame (7)
 B - a wand of disintegration (8)
 E - a wand of iceblast (17)
Scrolls
 a - 3 scrolls of immolation
 d - 3 scrolls of blinking
 f - 2 scrolls of fog
 h - 7 scrolls of remove curse
 i - 9 scrolls of teleportation
 k - 3 scrolls of fear
 o - 3 scrolls of summoning {unknown}
 D - a scroll of magic mapping
 H - 4 scrolls of identify
 J - a scroll of vulnerability {unknown}
Potions
 b - 3 potions of magic
 c - 2 potions of mutation
 e - 6 potions of attraction
 g - 9 potions of curing
 j - a potion of lignification
 m - 6 potions of brilliance
 n - 8 potions of haste
 p - 2 potions of heal wounds
 r - a potion of resistance
 z - 3 potions of degeneration
 A - a potion of flight
 C - 4 potions of might
 K - a potion of berserk rage {unknown}
Miscellaneous
 F - a phial of floods
 G - a lightning rod (4/4)
 L - a phantom mirror


   Skills:
 - Level 10.0 Fighting
 - Level 16.0 Dodging
 - Level 10.0 Stealth
 + Level 15.3 Unarmed Combat
 - Level 10.0 Evocations


You had 11 spell levels left.
You didn't know any spells.
Your spell library was empty.

Dungeon Overview and Level Annotations

Branches:
Dungeon (14/15)            Temple (0/1) D:5            Lair (6/6) D:10
 Shoals (0/4) Lair:2        Snake (0/4) Lair:4        Slime (0/5) Lair:5
    Orc (0/2) D:9          Bailey (visited)         Volcano (visited)
 Vaults: D:13-14

Altars:
Ashenzari
Dithmenos
Elyvilon
Fedhas
Kikubaaqudgha
Makhleb
Qazlal
Ru
Sif Muna
Trog
Uskayaw
Wu Jian
Zin
The Shining One
Beogh
Jiyva

Shops:
D:14 !

Annotations:
Lair:4 exclusion: oklob plant
Lair:6 exclusion: oklob plant


Innate Abilities, Weirdness & Mutations

You cannot wear armour.
You are incapable of wielding weapons or throwing items.
Your paws allow you to move quietly. (Stealth)
You have sharp claws.
You have razor-sharp teeth.
You have supernaturally acute eyesight. (SInv)
You cover ground quickly.
Your thick and shaggy fur keeps you warm. (AC +3, rC+)
Your sharp claws are effective at attacking unaware monsters.


Message History

You claw the skeletal warrior! Your claw misses the skeletal warrior.
The skeletal warrior is moderately damaged.
The skeletal warrior completely misses you.
You claw the skeletal warrior! You bite the skeletal warrior.
The skeletal warrior is moderately damaged.
You are no longer berserk.
You are exhausted.
You feel yourself slow down.
You claw the skeletal warrior!
The skeletal warrior is heavily damaged.
The skeletal warrior completely misses you.
You completely miss the skeletal warrior.
Your bite misses the skeletal warrior.
The skeletal warrior is heavily damaged.
The skeletal warrior completely misses you.
You closely miss the skeletal warrior.
The skeletal warrior is heavily damaged.
The skeletal warrior hits you with a +0 dire flail!!
Ouch! That really hurt!
You die...

######## ## ######......###
#. ............... #.##
#z@....# .... ######).....#
#..###.# #.....#####.#
#...<#.###.###.# #
#....#.#.#...#.#
....^......#.#.############
#†.(.#.#...#.#.##...#.'.'.#
#>)..........#.##...###.###
.............#.##...#)'.'.#


You could see a skeletal warrior.

Vanquished Creatures
  Rupert (D:13)
  Snorg (Lair:4)
  The ghost of Diyg the Grappler, a journeyman TrMo of Wu Jian (D:12)
  A boulder beetle (D:11)
  A centaur warrior (D:13)
  A death knight (D:13)
  A tengu warrior (D:14)
  2 two-headed ogres
  5 skeletal warriors
  A deep elf mage (D:13)
  An orc knight (D:11)
  2 cyclopes (D:14)
  5 ugly things
  2 merfolk sirens (Lair:2)
  2 black mambas
  12 cane toads
  2 kobold demonologists (D:13)
  2 freezing wraiths (D:13)
  2 rime drakes
  4 komodo dragons
  A merfolk (Lair:2)
  3 trolls
  5 blink frogs
  Prince Ribbit (D:5)
  Sigmund (D:4)
  A shadow (D:11)
  2 wraiths
  A vampire (D:12)
  A water elemental (D:11)
  5 wyverns
  34 yaks
  5 basilisks
  Grum (D:9)
  3 steam dragons
  2 vampire mosquitoes (Lair:5)
  A soldier ant (D:12)
  Edmund (D:4)
  An acid dragon (D:11)
  9 water moccasins
  Duvessa (D:5)
  3 orc warriors
  A hornet zombie (D:12)
  An ice beast (D:14)
  6 ogres
  2 phantoms
  6 sky beasts
  2 black bears
  2 necrophages
  36 wolves
  12 centaurs
  Blork the orc (D:5)
  3 elf zombies (D:14)
  6 big kobolds
  19 bullfrogs
  Dowan (D:5)
  2 wyvern skeletons
  3 scorpions
  8 killer bees
  6 howler monkeys
  4 electric eels
  27 wights
  A crimson imp (D:3)
  5 centaur zombies
  4 bullfrog skeletons
  2 bullfrog zombies
  11 hounds
  5 orc priests
  Crazy Yiuf (D:7)
  4 human zombies (D:14)
  3 jellies
  10 orc wizards
  5 centaur skeletons
  Terence (D:2)
  2 iguanas
  2 human skeletons (D:14)
  10 worker ants
  A hound zombie (D:10)
  2 hound skeletons
  A mummy (D:14)
  A worker ant zombie (D:7)
  15 adders
  5 gnolls
  2 howler monkey skeletons
  3 shadow imps
  2 white imps
  An ooze (D:2)
  3 adder zombies
  An adder skeleton (D:4)
  2 worms
  2 dart slugs (D:1)
  2 leopard geckos
  44 orcs
  3 giant cockroaches
  13 goblins
  9 hobgoblins
  15 jackals
  27 kobolds
  A quokka (D:11)
  2 ball pythons
  3 bats
  7 frilled lizards
  A leopard gecko skeleton (D:4)
  A quokka skeleton (D:4)
  14 rats
528 creatures vanquished.

Vanquished Creatures (collateral kills)
  2 boulder beetles
  A komodo dragon (Lair:3)
3 creatures vanquished.

Vanquished Creatures (others)
  A deep elf mage (D:14)
  A bush (D:9)
  12 fungi
  26 plants
40 creatures vanquished.

Grand Total: 571 creatures vanquished

Notes
Turn   | Place    | Note
-------+----------+-------------------------------------------
     0 | D:1      | MisterFreud the Felid Berserker began the quest for the
                  | Orb.
     0 | D:1      | Reached XP level 1. HP: 10/10 MP: 2/2
    69 | D:1      | Reached skill level 1 in Stealth
   137 | D:1      | Reached XP level 2. HP: 13/14 MP: 3/3
   799 | D:1      | Reached XP level 3. HP: 17/17 MP: 4/4
  1585 | D:2      | Reached ** piety under Trog
  1773 | D:2      | Reached XP level 4. HP: 21/21 MP: 5/5
  2291 | D:2      | Noticed Terence
  2296 | D:2      | Killed Terence
  2491 | D:2      | Reached XP level 5. HP: 24/24 MP: 6/6
  2844 | D:3      | Found a hide-covered altar of Uskayaw.
  2844 | D:3      | Found a faded altar of an unknown god.
  3010 | D:3      | Found a bloodstained altar of Trog.
  3012 | D:3      | Found an ornate altar of the Wu Jian Council.
  3014 | D:3      | Found an ancient bone altar of Kikubaaqudgha.
  3068 | D:3      | Reached skill level 5 in Stealth
  3146 | D:3      | Found a sacrificial altar of Ru.
  3263 | D:3      | Reached skill level 5 in Unarmed Combat
  3728 | D:3      | Found a burning altar of Makhleb.
  3780 | D:4      | Noticed an ogre
  3786 | D:4      | Killed an ogre
  3787 | D:4      | Reached skill level 6 in Dodging
  3787 | D:4      | Gained mutation: You are covered in thick fur. (AC +2)
                  | [Felid growth]
  3787 | D:4      | Reached XP level 6. HP: 28/28 MP: 7/7
  3788 | D:4      | Noticed Sigmund
  3830 | D:4      | Noticed Edmund
  3846 | D:4      | Killed Edmund
  3847 | D:4      | Reached skill level 7 in Dodging
  3904 | D:4      | Killed Sigmund
  3905 | D:4      | Reached skill level 8 in Dodging
  3905 | D:4      | Reached XP level 7. HP: 31/31 MP: 8/8
  3978 | D:4      | Found a sacrificial altar of Ru.
  4027 | D:4      | Reached skill level 9 in Dodging
  4028 | D:4      | Reached *** piety under Trog
  4850 | D:5      | Entered Level 5 of the Dungeon
  4856 | D:5      | Found a broken altar of Ashenzari.
  4890 | D:5      | Noticed Blork the orc
  4901 | D:5      | Killed Blork the orc
  4902 | D:5      | Reached skill level 10 in Dodging
  5058 | D:5      | Noticed Prince Ribbit
  5060 | D:5      | Reached XP level 8. HP: 34/34 MP: 9/9
  5068 | D:5      | Killed Prince Ribbit
  5408 | D:5      | Noticed Duvessa
  5411 | D:5      | Noticed Dowan
  5413 | D:5      | Killed Duvessa
  5425 | D:5      | Killed Dowan
  5498 | D:5      | Found a staircase to the Ecumenical Temple.
  5872 | D:6      | Reached skill level 5 in Fighting
  6256 | D:6      | Reached **** piety under Trog
  6620 | D:6      | Reached XP level 9. HP: 18/39 MP: 10/10
  7220 | D:7      | Found a shadowy altar of Dithmenos.
  7247 | D:7      | Found a runed translucent door.
  7248 | D:7      | Noticed Crazy Yiuf
  7300 | D:7      | Reached skill level 1 in Evocations
  7622 | D:7      | Killed Crazy Yiuf
  7821 | D:8      | Found a stormy altar of Qazlal.
  8009 | D:8      | Found a blossoming altar of Fedhas.
  8011 | D:8      | Found a white marble altar of Elyvilon.
  8013 | D:8      | Found a glowing golden altar of the Shining One.
  8016 | D:8      | Found a glowing silver altar of Zin.
  8062 | D:8      | Reached skill level 5 in Evocations
  8093 | D:8      | Reached ***** piety under Trog
  8230 | D:8      | Found a flagged portal.
  8241 | Bailey   | Entered a bailey
  8480 | D:9      | Found a staircase to the Orcish Mines.
  8489 | D:9      | Reached XP level 10. HP: 44/44 MP: 11/11
  8498 | D:9      | Reached skill level 10 in Unarmed Combat
  9223 | D:9      | Noticed Grum
  9245 | D:9      | Killed Grum
  9712 | D:10     | Entered Level 10 of the Dungeon
  9788 | D:10     | Noticed a two-headed ogre
  9792 | D:10     | Killed a two-headed ogre
  9955 | D:10     | Found a staircase to the Lair.
 11428 | D:11     | Reached XP level 11. HP: 42/48 MP: 12/12
 11554 | D:11     | Noticed a boulder beetle
 11578 | D:11     | Killed a boulder beetle
 11579 | D:11     | Reached skill level 11 in Dodging
 11801 | D:11     | Reached skill level 10 in Stealth
 11970 | D:11     | HP: 3/73 [orc warrior/+0 halberd (13)]
 12234 | D:11     | Noticed a purple ugly thing
 12247 | D:11     | Killed a purple ugly thing
 12382 | D:11     | Found a runed translucent door.
 12563 | D:11     | Noticed an orc knight
 12624 | D:11     | Killed an orc knight
 12625 | D:11     | Reached skill level 12 in Dodging
 12788 | D:11     | Found a roughly hewn altar of Beogh.
 12864 | Lair:1   | Entered Level 1 of the Lair of Beasts
 12988 | Lair:1   | Reached skill level 13 in Dodging
 13386 | Lair:1   | Reached skill level 14 in Dodging
 13693 | Lair:1   | Gained mutation: Your thick and shaggy fur keeps you warm.
                  | (AC +3, rC+) [Felid growth]
 13693 | Lair:1   | Reached XP level 12. HP: 55/55 MP: 13/13
 14337 | Lair:2   | Reached skill level 15 in Dodging
 14344 | Lair:2   | Found a staircase to the Shoals.
 14775 | Lair:2   | Reached ****** piety under Trog
 14793 | Lair:2   | Reached skill level 16 in Dodging
 16148 | Lair:3   | Noticed a boulder beetle
 16189 | Lair:3   | Killed a boulder beetle
 16883 | Lair:4   | Found a dark tunnel.
 16905 | Volcano  | Entered a volcano
 17120 | Lair:4   | Reached XP level 13. HP: 60/60 MP: 14/14
 17350 | Lair:4   | Noticed Snorg
 17373 | Lair:4   | Killed Snorg
 17478 | Lair:4   | Found a shimmering blue altar of Sif Muna.
 17530 | Lair:4   | Found a staircase to the Snake Pit.
 18336 | Lair:5   | Found a viscous altar of Jiyva.
 18336 | Lair:5   | Found a staircase to the Slime Pits.
 18435 | Lair:6   | Entered Level 6 of the Lair of Beasts
 19052 | D:12     | Reached skill level 10 in Fighting
 20097 | D:12     | Identified a scroll of acquirement
 20098 | D:12     | Acquired the ring of Cheibriados's Fury {rC+ rN+ Dex+4}
 20304 | D:12     | Found a runed translucent door.
 20304 | D:12     | Noticed a stone giant
 20304 | D:12     | Noticed Diyg's ghost (journeyman TrMo)
 20457 | D:12     | Hit by a large rock thrown by a stone giant
 20458 | D:12     | Reached XP level 12. HP: -37/58 MP: 13/13
 20494 | D:12     | Killed Diyg's ghost
 20692 | D:13     | Noticed a death knight
 20710 | D:13     | Killed a death knight
 20995 | D:13     | Noticed a centaur warrior
 21152 | D:13     | Killed a centaur warrior
 21153 | D:13     | Reached skill level 10 in Evocations
 21370 | D:13     | Noticed Rupert
 21397 | D:13     | Killed Rupert
 21698 | D:13     | Reached XP level 13. HP: 48/61 MP: 14/14
 22387 | D:14     | Found Nothrol's Distillery.
 22469 | D:14     | Bought a potion of haste for 140 gold pieces
 22469 | D:14     | Bought a potion of heal wounds for 70 gold pieces
 22469 | D:14     | Bought a potion of might for 56 gold pieces
 22469 | D:14     | Bought 2 potions of haste for 280 gold pieces
 22469 | D:14     | Bought a potion of haste for 140 gold pieces
 22572 | D:14     | Reached skill level 15 in Unarmed Combat
 22623 | D:14     | Found an ancient bone altar of Kikubaaqudgha.
 23375 | D:14     | HP: 2/61 [deep elf knight/shard of ice (16)]
 23376 | D:14     | Killed from afar by a deep elf knight
 23377 | D:14     | Reached XP level 12. HP: -19/58 MP: 13/13
 23581 | D:14     | Mangled by a skeletal warrior

Illustrated notes

Levels and vault maps discovered:
D:1:      beargit_arrival_greenhouse, layout_basic
D:2:      layout_basic, uniq_terence
D:3:      layout_loops_ring, makhleb_grotto_becter,
          chequers_temple_overflow_minitemple, minmay_misc_feat_plants,
          nicolae_ru_path_of_blood
D:4:      layout_gridville, general_overflow_altar, uniq_sigmund, uniq_edmund
D:5:      layout_rooms, cheibrodos_ashenzari_chains,
          minmay_temple_entry_enclosed_plants, nrook_mini_vaults,
          kennysheep_generic_room_14, uniq_prince_ribbit1, uniq_blork_the_orc,
          uniq_duvessa
D:6:      layout_gridville
D:7:      layout_rooms, nicolae_dithmenos_through_a_glass_darkly,
          columned_hall_lemuel, uniq_crazy_yiuf_cottage
D:8:      layout_rooms, grunt_temple_overflow_forces_of_nature,
          good_gods_temple_1, enter_bailey_3
D:9:      layout_long_grid, david_orc_2, serial_glass, glass_columns_c,
          glass_columns_a, minmay_strange_pillars, feat_on_display,
          due_unseen_surprise, kb_lookout_dungeons_type, uniq_grum
D:10:     layout_loops_ring, lair_entry_dummy, chequers_serial_rivers_small_b
D:11:     layout_basic, lightli_church_of_beogh
D:12:     layout_small_grid, ebering_ghost_inner_flame
D:13:     layout_roguey, serial_rivers, chequers_serial_rivers_micro_c,
          chequers_serial_rivers_micro_e, chequers_serial_rivers_micro_e,
          chequers_serial_rivers_marsh, hangedman_decor_lopped, uniq_rupert
D:14:     layout_basic, grunt_vaults_entry_fortified, roderic_roman_lattice,
          serial_shops, nicolae_shop_stone, lemuel_mausoleum_altar_kikubaaqudgha
Lair:1:   layout_regular_city
Lair:2:   beast_lair_carwin_large_3, layout_layer_cave, elwin_shoals_entry_rooms
Lair:3:   beast_lair_carwin_large_1, layout_regular_city, st_stairs_10,
          chequers_serial_rivers_room_b, serial_bayou_ford_a
Lair:4:   layout_regular_city, dummy_snake_entry, serial_forest,
          infiniplex_forest_lined_2, infiniplex_forest_clump_diagonal,
          infiniplex_forest_side_room, infiniplex_forest_straight_2,
          infiniplex_forest_clump_double, infiniplex_forest_straight_2,
          infiniplex_forest_zigzag_2, infiniplex_forest_clump_small,
          infiniplex_forest_clump_tiny, nicolae_volcano_entry_lava_flow,
          lemuel_oklob_altar, uniq_snorg
Lair:5:   layout_hall_layers, dpeg_slime_entry_enclosed_altar,
          grunt_megastairs_2, infiniplex_staircase_pool_2
Lair:6:   minmay_lair_end_frog_pond, layout_cave_shapes, special_room
          [special_room_mythical_zoo], lemuel_fruit_fields

Skill      XL: |  1  2  3  4  5  6  7  8  9 10 11 12 13 |
---------------+----------------------------------------+-----
Stealth        | 1 2 3 4 5 8 9 10 | 10.0
Unarmed Combat | 4 5 7 9 12 14 15 | 15.3
Dodging        | 6 8 10 14 16 | 16.0
Fighting       | 5 6 8 9 10 | 10.0
Evocations     | 5 10 9 | 10.0

Action                   |  1- 3 |  4- 6 |  7- 9 | 10-12 | 13-15 || total
-------------------------+-------+-------+-------+-------+-------++-------
Melee: Unarmed           |    80 |   109 |   366 |   953 |   303 ||  1811
       Bite              |     3 |    17 |    35 |   117 |    37 ||   209
       Punch             |     1 |     2 |    14 |    73 |    25 ||   115
Invok: Berserk           |     2 |     6 |    10 |    21 |    13 ||    52
       Trog's Hand       |       |     1 |     3 |    15 |     3 ||    22
       Brothers in Arms  |       |       |       |     1 |     1 ||     2
Evoke: Wand              |       |       |       |     6 |       ||     6
  Use: Scroll            |       |     2 |       |    20 |     3 ||    25
       Potion            |       |       |       |     1 |       ||     1
 Stab: Sleeping          |    10 |     9 |    25 |    37 |    23 ||   104
       Distracted        |       |     1 |     1 |     3 |     1 ||     6
Armor: Skin              |       |     2 |     7 |     9 |     8 ||    26
Dodge: Dodged            |    50 |    79 |   357 |   810 |   347 ||  1643
